 Dungeon Crawl Stone Soup version 0.29.1-1-gd02db6906a (webtiles) character file.

Game seed: 791232052072777144

144 hawla the Firebug (level 5, 0/38 HPs)
             Began as a Meteoran Fire Elementalist on Oct 3, 2022.
             Frozen to death by an endoplasm (3 damage)
             ... on level 3 of the Dungeon.
             The game lasted 00:04:30 (1505 turns).

hawla the Firebug (Meteoran Fire Elementalist)      Turns: 1505, Time: 00:04:30

Health: 0/38       AC:  4    Str:  9    XL:     5   Next: 81%
Magic:  6/11       EV: 12    Int: 19    God:
Gold:   248        SH:  0    Dex: 14    Spells: 4/11 levels left

rFire   . . .      SeeInvis .   (no weapon)
rCold   . . .      Faith    .   (no shield)
rNeg    . . .      Spirit   .   a - +0 robe
rPois   .          Reflect  .   e - +0 helmet
rElec   .          Harm     .   n - +0 cloak
rCorr   .          Rampage  .   (no gloves)
Will    .....                   (no boots)
Stlth   +.........              j - amulet of regeneration
HPRegen 0.92/turn               (no ring)
MPRegen 0.12/turn               (no ring)

@: lethally poisoned (0 -> -9), glowing
A: sense surroundings 1, otherworldly, glowing, explore regen
a: no special abilities


You were on level 3 of the Dungeon.
You visited 1 branch of the dungeon, and saw 3 of its levels.

You collected 248 gold pieces.

Inventory:

Armour
 a - a +0 robe (worn)
 e - a +0 helmet (worn)
 n - a +0 cloak (worn)
Jewellery
 j - an amulet of regeneration (around neck)
Scrolls
 g - a scroll of magic mapping {unknown}
 h - a scroll of noise {unknown}
 i - a scroll of teleportation {unknown}
 k - a scroll of blinking {unknown}
 m - 2 scrolls of poison {unknown}
Potions
 c - a potion of haste {unknown}
 d - 2 potions of might {unknown}
 f - 2 potions of flight {unknown}
 l - 2 potions of curing {unknown}


   Skills:
 - Level 2.8 Dodging
 - Level 1.4 Stealth
 - Level 3.6 Spellcasting
 * Level 2.7 Conjurations
 + Level 5.7 Fire Magic


You had 4 spell levels left.
You knew the following spells:

 Your Spells              Type           Power      Damage    Failure   Level
a - Foxfire               Conj/Fire      76%        2x1d7     2%          1
b - Scorch                Fire           50%        2d7       1%          2
c - Flame Wave            Conj/Fire      19%        2d7       24%         4

Your spell library contained the following spells:

 Spells                   Type           Power      Damage    Failure   Level
 Conjure Flame            Conj/Fire      19%        6-21      8%          3
 Inner Flame              Hex/Fire       14%        N/A       13%         3
 Dazzling Flash           Conj/Hex       16%        N/A       24%         3
 Iskenderun's Mystic Bla  Conj/Tloc      8%         2d4       63%         4
 Starburst                Conj/Fire      9%         6d5       98%         6
 Summon Cactus Giant      Summ           1%         N/A       100%        6


Dungeon Overview and Level Annotations

Branches:
Dungeon (3/15) Zot: 294

Altars:


Innate Abilities, Weirdness & Mutations

You passively map a small area around you.
You are easily found by Zot.
You glow in the dark.
You regain HP and MP as you explore.


Message History

You hit the hobgoblin.
The hobgoblin is lightly wounded.
You feel very sick. The hobgoblin misses you. The giant cockroach misses you.
You barely miss the hobgoblin.
The hobgoblin is lightly wounded.
You feel very sick.
The giant cockroach bites you but does no damage.
The hobgoblin hits you but does no damage.
You are more poisoned.
Magic courses through your body.
You feel very sick.
The giant cockroach bites you but does no damage.
The hobgoblin hits you with a +1 dagger of venom.
You are lethally poisoned!
Casting: Foxfire (safe; 2% risk of failure)
Confirm with . or Enter, or press ? or * to list all spells.
The spell is extremely dangerous to miscast (26% risk of failure)!
Continue anyway?
Casting: Flame Wave (extremely dangerous; 26% risk of failure)
Press: ? - help, Dir - look around, f - activate A wave of flame ripples out!
The flame wave engulfs the giant cockroach.
The giant cockroach is severely wounded.
The flame wave engulfs the hobgoblin!
You kill the hobgoblin! (Press . to intensify the flame waves.)
* * * LOW HITPOINT WARNING * * *
You feel very sick.
You hear an angry hiss.
The giant cockroach bites you but does no damage.
A wave of flame ripples out!
The flame wave engulfs the giant cockroach!
You kill the giant cockroach!
The flame wave engulfs the endoplasm.
The endoplasm is almost dead.
* * * LOW HITPOINT WARNING * * *
You feel very sick. The endoplasm freezes you.
You are frozen.
You die...

*##.8...8.## #.# ###
##.#.....#.## ..# *
#.. #...8...8...# ..#
~ *#.# +...........+
##... ~ ##.
#...8...8...# ... ,
.... ##.#.....#.##*#.#
~ ....
##.8...8.#####.##,,~..
~ ....
##.....##.....J#r.~..
... ##...##
###.@†....~~, .. ##'##
#)..##...... ~ #.#
#.#)#* ..... #.#
###)#.# ...~ ,
#.###...).# ..~, ,
#.....##.## .. ~,
########.# * . ,
##...# , ,
########..### ~~ *


You could see an endoplasm and a rat.

Vanquished Creatures
  A hound (D:3)
  4 gnolls (D:3)
  4 adders (D:3)
  2 worms (D:2)
  A dart slug (D:1)
  5 bats
  4 endoplasms
  A giant cockroach (D:3)
  2 goblins (D:1)
  5 hobgoblins
  A quokka (D:3)
  2 ball pythons
  2 kobolds (D:3)
  3 rats
37 creatures vanquished.

Vanquished Creatures (others)
  62 foxfires
62 creatures vanquished.

Grand Total: 99 creatures vanquished

Notes
Turn   | Place    | Note
-------+----------+-------------------------------------------
     0 | D:1      | hawla the Meteoran Fire Elementalist began the quest for
                  | the Orb.
     0 | D:1      | Reached XP level 1. HP: 14/14 MP: 5/5
   203 | D:1      | Reached skill level 4 in Fire Magic
   203 | D:1      | Reached XP level 2. HP: 20/20 MP: 4/6
   206 | D:1      | Learned a level 2 spell: Scorch
   500 | D:1      | Glimpsed the power of Zot.
   588 | D:2      | Reached XP level 3. HP: 26/26 MP: 3/8
  1100 | D:2      | Glimpsed the power of Zot.
  1118 | D:3      | Reached XP level 4. HP: 33/33 MP: 4/10
  1123 | D:3      | Learned a level 4 spell: Flame Wave
  1407 | D:3      | Reached skill level 5 in Fire Magic
  1407 | D:3      | Reached XP level 5. HP: 38/38 MP: 7/11
  1505 | D:3      | Frozen to death by an endoplasm

Illustrated notes

Levels and vault maps discovered:
D:1:      sevenhm_arrival_forest_fort_small_6, layout_basic,
          serial_co_window_serial, co_window_of_opportunity_a,
          co_window_of_opportunity_a, co_window_paths_a, co_window_paths_b,
          co_window_cross_1, co_window_cross_3, co_window_of_opportunity_b,
          co_window_broadway_a, co_window_broadway_c, co_window_2corner,
          co_window_paths_e, glass_columns_a, glass_columns_a, glass_columns_a
D:2:      layout_basic
D:3:      cheibrodos_helix_gallery, layout_rooms,
          chequers_temple_overflow_statue_of_worship, kennysheep_minor_cross,
          dk_noncrumbling_3, uniq_crazy_yiuf_cottage

Skill      XL: |  1  2  3  4 |
---------------+-------------+-----
Fire Magic     | 4 5 |  5.7
Spellcasting   | 3 |  3.6
Conjurations   | 2 |  2.7
Dodging        | |  2.8
Stealth        | |  1.4

Action                   |  1- 3 |  4- 6 || total
-------------------------+-------+-------++-------
Melee: Unarmed           |     7 |    11 ||    18
 Cast: Foxfire           |    18 |    17 ||    35
       Scorch            |    13 |    14 ||    27
       Flame Wave        |       |     1 ||     1
  Use: Scroll            |     1 |       ||     1
       Potion            |       |     2 ||     2
Armor: Robe              |     5 |     8 ||    13
Dodge: Dodged            |     8 |    11 ||    19
